 Dungeon Crawl Stone Soup version 0.15-a0-1646-g393eda0 (console) character file.

146 Mac the Ruffian (level 5, -1/45 HPs)
             Began as a Minotaur Fighter on June 22, 2014.
             Killed by nerve-wracking pain
             ... invoked by an orc priest
              (8 damage)
             ... on Level 4 of the Dungeon.
             The game lasted 00:04:48 (1001 turns).

Mac the Ruffian (Minotaur Fighter)                  Turns: 1001, Time: 00:04:48

HP  -1/45        AC  8     Str 22      XL: 5   Next:  7%
MP   2/2         EV  6     Int  5      God:
Gold 86          SH  9     Dex  9      Spells:  0 memorised,  4 levels left

rFire  . . .     SeeInvis .       - Unarmed
rCold  . . .     Clarity  .     b - +0 scale mail
rNeg   . . .     rCorr    .     c - +0 shield
rPois  .         rRot     .     (helmet restricted)
rElec  .         Spirit   .     (no cloak)
SustAb .         Warding  .     (no gloves)
rMut   .         Stasis   +     s - +0 pair of boots
Gourm  .                        u - amulet of stasis
MR     .....                    (no ring)
                                (no ring)

@: not resistant to hostile enchantments, extremely unstealthy
A: retaliatory headbutt, horns 2
a: no special abilities


You were on level 4 of the Dungeon.
You were hungry.

You visited 1 branch of the dungeon, and saw 4 of its levels.

You collected 86 gold pieces.

Inventory:

Hand weapons
 a - a +0 war axe
Armour
 b - a +0 scale mail (worn)
 c - a +0 shield (worn)
 g - a +0 leather armour
 j - a +2 leather armour
 k - a +0 ring mail
 s - a +0 pair of boots (worn)
 t - a +0 leather armour
 y - a +0 ring mail
Comestibles
 d - a bread ration
 o - a slice of pizza
Scrolls
 h - 3 scrolls of remove curse {unknown}
 i - 3 scrolls of teleportation {unknown}
 m - a scroll of enchant armour {unknown}
 p - 2 scrolls of identify {unknown}
 q - a scroll of noise {unknown}
 v - a scroll of magic mapping {unknown}
 w - a scroll of blinking {unknown}
 x - a scroll of random uselessness {unknown}
Jewellery
 l - an uncursed amulet of resist mutation
 u - an amulet of stasis (around neck)
Potions
 e - a potion of might
 f - 3 potions of curing {unknown}
 r - a potion of poison {unknown}


   Skills:
 - Level 3.6 Fighting
 - Level 2.4 Axes
 - Level 3.6 Armour
 - Level 3.6 Shields
 + Level 5.2 Unarmed Combat


You had 4 spell levels left.
You didn't know any spells.

Dungeon Overview and Level Annotations

Branches:
Dungeon (4/15)
 Temple: D:4-7

Altars:
Ashenzari

Annotations:
D:4 Prince Ribbit


Innate Abilities, Weirdness & Mutations

You reflexively headbutt those who attack you in melee.
You have a pair of horns on your head.


Message History

There is an open door here.
You barely miss the orc priest.
The orc struggles to escape the net.
The orc priest completely misses you. You block the orc's attack.
You hit the orc priest. Your headbutt misses the orc priest.
The orc priest is lightly wounded.
The orc struggles against the net.
The orc priest hits you with a short sword.
The orc hits you with a mace.
* * * LOW HITPOINT WARNING * * *
The orc struggles against the net.
You hit the orc priest.
The orc priest is moderately wounded.
You block the orc priest's attack. The orc hits you with a mace.
* * * LOW HITPOINT WARNING * * *
The orc struggles to escape the net.
You punch the orc priest!
The orc priest is severely wounded.
The orc priest calls down the wrath of Beogh upon you.
Pain shoots through your body!
You die...

.... ... ..... . #...... .....#
.#....... .....# .#.......+
.....#. '.......# .......
#......)# .....# #.......#
.....### #oo.....# ##.....#
####@# . ######+ .#.....#
#..o.#.. ...+...... .#.....#
+....#........#...... .+.....#
..#....#........#......
.#.....+....#....+........#......
.#.....#....#....#........#......
.#.....##...##'###........#'####'
.#......#...#......###+#.........
.'......#...#......#...'.........


You could see an orc priest and 2 orcs.

Vanquished Creatures
  A scorpion (D:4)
  A hound (D:4)
  3 gnolls (D:2)
  A worm (D:3)
  An ooze (D:4)
  A ball python (D:2)
  6 hobgoblins
  2 quokkas (D:4)
  5 bats
  5 giant newts
  3 kobolds
  5 rats
34 creatures vanquished.

Notes
Turn   | Place    | Note
--------------------------------------------------------------
     0 | D:1      | Mac, the Minotaur Fighter, began the quest for the Orb.
     0 | D:1      | Reached XP level 1. HP: 19/19 MP: 1/1
   148 | D:1      | Reached skill level 1 in Unarmed Combat
   290 | D:2      | Reached XP level 2. HP: 23/26 MP: 1/1
   338 | D:2      | Reached XP level 3. HP: 8/31 MP: 2/2
   460 | D:2      | Found a shattered altar of Ashenzari.
   465 | D:2      | Saw a vision of the Shoals and the Snake Pit.
   465 | D:2      | Noticed a merfolk
   465 | D:2      | Noticed a sea snake
   465 | D:2      | Noticed a hippogriff
   465 | D:2      | Noticed a mermaid
   465 | D:2      | Noticed a naga warrior
   465 | D:2      | Noticed a naga sharpshooter
   465 | D:2      | Noticed a black mamba
   465 | D:2      | Noticed a shock serpent
   465 | D:2      | Noticed a naga ritualist
   465 | D:2      | Noticed a water moccasin
   466 | D:2      | Noticed a merfolk
   466 | D:2      | Noticed a mana viper
   466 | D:2      | Noticed a shock serpent
   467 | D:2      | Noticed a naga
   734 | D:4      | Reached skill level 4 in Unarmed Combat
   734 | D:4      | Reached XP level 4. HP: 27/39 MP: 2/2
   819 | D:4      | Noticed a scorpion
   832 | D:4      | Killed a scorpion
   832 | D:4      | Reached skill level 5 in Unarmed Combat
   832 | D:4      | Reached XP level 5. HP: 42/45 MP: 2/2
   935 | D:4      | Noticed Prince Ribbit
  1001 | D:4      | Killed from afar by an orc priest

Action                   |  1- 3 |  4- 6 || total
-------------------------+-------+-------++-------
Melee: War axe           |    71 |    23 ||    94
       Unarmed           |       |    22 ||    22
Throw: Throwing net      |     3 |     2 ||     5
 Stab: Held in net/web   |     1 |       ||     1
